 Dungeon Sprint DCSS version 0.27.1-1-g398f81649c (webtiles) character file.

Game seed: 18318300715010948081

8616 ugugthedestroyer the Fencer (level 11, -25/93 HPs)
             Began as a Demonspawn Gladiator on Sept 6, 2021.
             Was an Initiate of Gozag.
             Annihilated by Pedipp the pandemonium lord (33 damage)
             ... in the Dungeon (Sprint V: "Ziggurat Sprint").
             The game lasted 00:11:23 (917 turns).

ugugthedestroyer the Fencer (Demonspawn Gladiator)   Turns: 917, Time: 00:11:24

Health: -25/93     AC: 17    Str: 24    XL:     11   Next: 12%
Magic:  11/11      EV: 17    Int:  9    God:    Gozag
Gold:   2056       SH:  0    Dex: 19    Spells: 10/10 levels left

rFire    + + .     SeeInvis .   A - +5 sword of Power {vorpal}
rCold    + + .     Faith    .   (shield currently unavailable)
rNeg     + + .     Spirit   .   B - +5 fire dragon scales
rPois    +         Reflect  .   c - +0 helmet
rElec    +         Harm     .   (no cloak)
rCorr    +         Rampage  .   (no gloves)
Will     .....     NoTele   +   (no boots)
Stlth    ..........             t - amulet of regeneration
HPRegen  1.25/turn              u - ring of Jadu {rC+ Str+6 Dex+4}
MPRegen  0.12/turn              n - ring "Ygeb" {Ice rN++ Slay+5 Stlth-}

@: mighty, resistant, gold aura, hasted and slowed
A: hooves 1, demonic guardian 3, ignite blood 1
a: Renounce Religion, Potion Petition, Call Merchant, Bribe Branch


You were in the Dungeon.
You worshipped Gozag.
Gozag was most pleased with you.
You visited 1 branch You collected 3080 gold pieces.
You spent 50 gold pieces at shops.
You paid 974 gold pieces to Gozag.

Inventory:

Hand Weapons
 a - a +0 war axe
 A - the +5 sword of Power (weapon) {vorpal}
   (You found it in the Dungeon)

   It inflicts extra damage upon your enemies.
   It occasionally discharges a powerful but inaccurate bolt of energy upon
   striking a foe, with increased chance the greater the wielder's current
   health.
Armour
 c - a +0 helmet (worn)
 B - +5 fire dragon scales (worn)
Jewellery
 b - a ring of protection from cold
 d - the ring "Gimotyh" {rF- rC+ Str+4}
   (You found it in the Dungeon)

   [ring of protection from cold]

   Str:       It affects your strength (+4).
   rF:        It makes you vulnerable to fire.
   rC:        It protects you from cold.
 l - a ring of see invisible
 n - the ring "Ygeb" (right hand) {Ice rN++ Slay+5 Stlth-}
   (You found it in the Dungeon)

   [ring of ice]

   It enhances your ice magic.
   Slay:      It affects your accuracy & damage with ranged weapons and melee
   (+5).
   rF:        It makes you vulnerable to fire.
   rC:        It protects you from cold.
   rN:        It greatly protects you from negative energy.
   Stlth:     It makes you less stealthy.
 t - an amulet of regeneration (around neck)
 u - the ring of Jadu (left hand) {rC+ Str+6 Dex+4}
   (You found it in the Dungeon)

   [ring of strength]

   Str:       It affects your strength (+6).
   Dex:       It affects your dexterity (+4).
   rC:        It protects you from cold.
 v - the ring of Xinkokin {Fire Dex+2}
   (You found it in the Dungeon)

   [ring of fire]

   It enhances your fire magic.
   Dex:       It affects your dexterity (+2).
   rF:        It protects you from fire.
   rC:        It makes you vulnerable to cold.
 w - a +6 ring of intelligence
 y - a +6 ring of strength
 z - a +6 ring of strength
 C - a +6 ring of strength
 D - an amulet of reflection
Scrolls
 j - 2 scrolls of blinking
 p - 4 scrolls of amnesia
 q - 7 scrolls of fog
 r - 5 scrolls of identify
 s - 2 scrolls of fear
 x - a scroll of brand weapon
Potions
 e - 9 potions of curing
 g - 2 potions of haste
 h - 7 potions of magic
 i - 3 potions of berserk rage
 k - 2 potions of brilliance
 m - 3 potions of resistance
 o - 2 potions of might


   Skills:
 + Level 11.0 Fighting
 * Level 17.1 Long Blades
 - Level 2.6 Axes
 - Level 1.7 Throwing
 + Level 8.7 Armour
 + Level 11.7 Dodging
 - Level 1.5 Stealth


You had 10 spell levels left.
You didn't know any spells.
Your spell library contained the following spells:

 Spells                   Type           Power      Damage    Failure   Level
 Animate Skeleton         Necr           0%         N/A       71%         1
 Apportation              Tloc           0%         N/A       71%         1
 Corona                   Hex            0%         N/A       71%         1
 Summon Small Mammal      Summ           0%         N/A       71%         1
 Slow                     Hex            0%         N/A       83%         2
 Confusing Touch          Hex            0%         N/A       97%         3
 Conjure Flame            Conj/Fire      0%         6-21      97%         3
 Dazzling Flash           Conj/Hex       0%         N/A       97%         3
 Frozen Ramparts          Ice            0%         1d2       97%         3
 Ice Form                 Ice/Tmut       0%         N/A       100%        4
 Alistair's Intoxication  Tmut/Pois      0%         N/A       100%        5
 Borgnjor's Vile Clutch   Necr/Erth      0%         N/A       100%        5
 Yara's Violent Unravell  Hex/Tmut       0%         3d3       100%        5
 Eringya's Noxious Bog    Tmut/Pois      0%         N/A       100%        6
 Malign Gateway           Summ/Tloc      0%         N/A       100%        7
 Summon Horrible Things   Summ           0%         N/A       100%        8


Dungeon Overview and Level Annotations

Branches:
Dungeon (1/1)

Altars:
Ashenzari
Cheibriados
Dithmenos
Elyvilon
Fedhas
Gozag
Hepliaklqana
Kikubaaqudgha
Makhleb
Nemelex Xobeh
Okawaru
Qazlal
Ru
Sif Muna
Trog
Uskayaw
Vehumet
Wu Jian
Xom
Yredelemnul
Zin
The Shining One
Beogh
Jiyva
Lugonu

Shops:
D !

Annotations:
D 1 transporter


Innate Abilities, Weirdness & Mutations

You have large cloven feet.
A powerful demonic guardian rushes to your aid.
Your demonic aura sometimes causes spilled blood to erupt in flames.


Message History

Your cacodemon seems to slow down.
Something hits your cacodemon.
Your cacodemon hits something!!
Your cacodemon closely misses something.
Pedipp hits your cacodemon!!
Press: ? - help, v - describe, . - travel
Here: a cacodemon (almost dead, summoned, slow, friendly)
The floor, spattered with blood.
Okay, then. [a] - 380 gold - resistance, might and heal wounds [b] - 510 gold - lignification, might and resistance [c] - 493 gold - lignification, might and resistance Purchase which effect?
You feel protected.
You feel mightier all of a sudden.
You feel much better.
A raging storm of fire appears!
The great blast of fire engulfs you!! You partially resist.
* * * LOW HITPOINT WARNING * * *
The great blast of fire engulfs the quasit!!!
The quasit partially resists.
The quasit dies!
Pedipp hits your cacodemon!!
Your cacodemon dies! 6 fire vortices come into view.
The iron imp shouts, "Give up, thou hateful toenail-biting joithead!"
The white imp laughs crazily.
Pedipp is engulfed in blazing flames.
The white imp gestures at you.
You hear a sizzling sound!
Pedipp hits you.
* * * LOW HITPOINT WARNING * * *
You slash Pedipp! You kick Pedipp.
Pedipp is heavily wounded.
Your extra speed is starting to run out.
Something hits you but does no damage. Pedipp hits you!!
* * * LOW HITPOINT WARNING * * *
A demonic guardian appears!
Something barely misses you.
You closely miss Pedipp. You kick Pedipp!
Pedipp is severely wounded.
Pedipp hits you!!
You die...
Your body crumbles into a pile of gold.

▓...8©8...▓
▓..[})|[..▓
▓...!?[[..▓
▓....v....▓
▓.v.......▓
▓....$.v..▓
▓....v$v°3▓
▓.....$$&°▓
▓...v55..@▓
▓▓▓▓▓▓▓▓▓▓▓


You could see Pedipp (ally target), 6 fire vortices, an iron imp, a white imp
and a friendly soul eater (summoned).

Vanquished Creatures
  A yellow draconian (D)
  A vault guard (D)
  An ironbound frostheart (D)
  A sun demon (D)
  A wolf spider (D)
  6 draconians (D)
  A naga mage (D)
  A yaktaur (D)
  2 jumping spiders (D)
  A wind drake (D)
  A redback (D)
  A naga (D)
  2 water moccasins (D)
  2 centaurs (D)
  2 phantoms (D)
  4 scorpions (D)
  3 adders (D)
  An ufetubus (D)
  A bat skeleton (D)
  A bat zombie (D)
  6 ball pythons (D)
40 creatures vanquished.

Vanquished Creatures (collateral kills)
  A red devil (D)
  2 merfolk (D)
  A centaur (D)
  A white imp (D)
5 creatures vanquished.

Vanquished Creatures (others)
  2 yaktaur captains (D)
  A vault guard (D)
  An ironbound frostheart (D)
  A quasit (D)
5 creatures vanquished.

Grand Total: 50 creatures vanquished

Notes
Turn   | Place    | Note
-------+----------+-------------------------------------------
     0 | D        | ugugthedestroyer the Demonspawn Gladiator began the quest
                  | for the Orb.
     0 | D        | Reached XP level 1. HP: 16/16 MP: 1/1
     0 | D        | Found a blossoming altar of Fedhas.
     0 | D        | Found the +6 Majin-Bo {vamp, MP+6 Int+6}
     0 | D        | Found the +9 heavy crossbow "Sniper" {vorpal, Acc+∞ SInv}
     0 | D        | Found the +10 dark maul {vorpal}
     0 | D        | Found the +15 Maxwell's patent armour {-Cast -Tele rElec
                  | Will+ rCorr}
     0 | D        | Found the +18 shield of the Gong {rElec rN+ Will+ EV-5}
     0 | D        | Found the +14 obsidian axe {vorpal, Drain Fly SInv}
     0 | D        | Found the +7 great mace "Firestarter" {inner flame, rF++}
     0 | D        | Found the +6 shillelagh "Devastator" {shatter}
     0 | D        | Found the +11 plutonium sword {Contam Stlth-}
     0 | D        | Found the +8 lance "Wyrmbane" {slay drac, rPois rF+ rC+
                  | AC+3}
     0 | D        | Found the +9 sword of Zonguldrok {reap}
     0 | D        | Found the +13 scythe of Curses {drain, Drain}
     0 | D        | Found the +5 sword of Power {vorpal}
     0 | D        | Found the +7 mace of Variability {chain chaos}
     0 | D        | Found the +7 Singing Sword {vorpal, sonic wave}
     0 | D        | Found the +8 storm bow {elec, penet}
     1 | D        | Found a shimmering blue altar of Sif Muna.
     1 | D        | Found a sacrificial altar of Ru.
     1 | D        | Found a bloodstained altar of Trog.
     1 | D        | Found a stormy altar of Qazlal.
     1 | D        | Found an iron altar of Okawaru.
     1 | D        | Found a sparkling altar of Nemelex Xobeh.
     3 | D        | Found a transporter.
     3 | D        | Found an ancient bone altar of Kikubaaqudgha.
     3 | D        | Found a viscous altar of Jiyva.
     3 | D        | Found a corrupted altar of Lugonu.
     3 | D        | Found a hazy altar of Hepliaklqana.
     3 | D        | Found a burning altar of Makhleb.
     3 | D        | Found an opulent altar of Gozag.
    62 | D        | Became a worshipper of Gozag Ym Sagoz the Greedy
    74 | D        | Reached skill level 4 in Long Blades
    74 | D        | Gained mutation: You have large cloven feet. [demonic
                  | ancestry]
    74 | D        | Reached XP level 2. HP: 25/25 MP: 2/2
    97 | D        | Entered arena 2.
    97 | D        | Noticed a water moccasin
    97 | D        | Found a transporter.
   102 | D        | Killed a water moccasin
   103 | D        | Reached skill level 5 in Fighting
   103 | D        | Reached skill level 5 in Long Blades
   103 | D        | Gained mutation: Your demonic aura sometimes causes spilled
                  | blood to erupt in flames. [demonic ancestry]
   103 | D        | Reached XP level 3. HP: 8/33 MP: 3/3
   103 | D        | Gained mutation: A weak demonic guardian rushes to your
                  | aid. [demonic ancestry]
   103 | D        | Reached XP level 4. HP: 10/39 MP: 4/4
   115 | D        | Got the ring "Gimotyh" {rF- rC+ Str+4}
   119 | D        | Entered arena 3.
   119 | D        | Noticed a draconian
   119 | D        | Noticed a draconian
   119 | D        | Noticed a yellow draconian
   119 | D        | Found a transporter.
   128 | D        | Killed a draconian
   129 | D        | Reached skill level 8 in Long Blades
   129 | D        | Gained mutation: A demonic guardian rushes to your aid.
                  | [demonic ancestry]
   129 | D        | Reached XP level 5. HP: 47/47 MP: 5/5
   129 | D        | Reached XP level 6. HP: 53/53 MP: 6/6
   133 | D        | Killed a yellow draconian
   134 | D        | Reached skill level 10 in Long Blades
   134 | D        | Reached skill level 5 in Armour
   134 | D        | Reached skill level 10 in Dodging
   134 | D        | Reached XP level 7. HP: 23/62 MP: 7/7
   134 | D        | Reached XP level 8. HP: 25/68 MP: 8/8
   136 | D        | Killed a draconian
   137 | D        | Reached skill level 11 in Long Blades
   148 | D        | Got the Handbook of the Glacier and Orientation
   341 | D        | Entered arena 4.
   341 | D        | Noticed a draconian
   341 | D        | Noticed a draconian
   341 | D        | Noticed a draconian
   341 | D        | Noticed a draconian
   341 | D        | Found a transporter.
   346 | D        | Killed a draconian
   347 | D        | Gained mutation: A powerful demonic guardian rushes to your
                  | aid. [demonic ancestry]
   347 | D        | Reached XP level 9. HP: 53/75 MP: 9/9
   353 | D        | Killed a draconian
   354 | D        | Reached skill level 12 in Long Blades
   356 | D        | Killed a draconian
   358 | D        | Killed a draconian
   359 | D        | Reached skill level 13 in Long Blades
   374 | D        | Got the ring "Ygeb" {Ice rN++ Slay+5 Stlth-}
   378 | D        | Got Sif Muna's Volume of Damaging Summoning
   542 | D        | Entered arena 5.
   542 | D        | Found a transporter.
   567 | D        | Got the ring of Jadu {rC+ Str+6 Dex+4}
   575 | D        | Entered arena 6.
   575 | D        | Found a transporter.
   596 | D        | Got the ring of Xinkokin {Fire Dex+2}
   603 | D        | Entered arena 7.
   603 | D        | Noticed a merfolk
   603 | D        | Noticed a wind drake
   603 | D        | Noticed a merfolk
   610 | D        | Killed a wind drake
   611 | D        | Found a transporter.
   611 | D        | Killed a merfolk
   617 | D        | Killed a merfolk
   618 | D        | Reached skill level 14 in Long Blades
   653 | D        | Entered arena 8.
   653 | D        | Found the +5 demon whip "Spellbinder" {antimagic, Will+}
   653 | D        | Noticed a naga mage
   654 | D        | Found a transporter.
   660 | D        | Reached XP level 10. HP: 66/85 MP: 10/10
   665 | D        | Killed a naga mage
   666 | D        | Reached skill level 1 in Stealth
   726 | D        | Bought a potion of heal wounds for 50 gold pieces
   728 | D        | Entered arena 9.
   728 | D        | Noticed a yaktaur captain
   728 | D        | Noticed an ironbound frostheart
   728 | D        | Noticed a yaktaur captain
   728 | D        | Noticed an ironbound frostheart
   728 | D        | Noticed a vault guard
   728 | D        | Noticed a vault guard
   732 | D        | Found a transporter.
   734 | D        | Killed a vault guard
   735 | D        | Reached skill level 10 in Fighting
   737 | D        | Killed a vault guard
   737 | D        | Killed an ironbound frostheart
   738 | D        | Reached skill level 15 in Long Blades
   738 | D        | Killed an ironbound frostheart
   743 | D        | Killed a yaktaur captain
   747 | D        | Killed a yaktaur captain
   748 | D        | Reached skill level 16 in Long Blades
   823 | D        | Entered arena 10.
   823 | D        | Noticed a wolf spider
   824 | D        | Found a transporter.
   829 | D        | Killed a wolf spider
   831 | D        | Reached XP level 11. HP: 50/92 MP: 11/11
   891 | D        | Entered arena 11.
   891 | D        | Noticed a sun demon
   891 | D        | Noticed Vadgh the pandemonium lord
   891 | D        | Noticed Pedipp the pandemonium lord
   902 | D        | Found a transporter.
   906 | D        | Killed a sun demon
   907 | D        | Reached skill level 17 in Long Blades
   908 | D        | HP: 3/93 [Pedipp the pandemonium lord (27)]
   917 | D        | Annihilated by Pedipp the pandemonium lord

Illustrated notes

Levels and vault maps discovered:
D:        sprint_v [room_start, room_1, room_2, room_3, room_4, room_5, room_6,
          room_7, room_8, room_9, room_10, room_11, room_12, room_13, room_14,
          room_15, room_16, room_17, room_18, room_19, room_20, room_21,
          room_22, room_23, room_24, room_25, room_26, room_27]

Skill      XL: |  1  2  3  4  5  6  7  8  9 10 11 |
---------------+----------------------------------+-----
Fighting       | 3 5 6 8 9 10 11 | 11.0
Long Blades    | 4 5 8 10 11 14 16 17 | 17.1
Armour         | 2 3 5 7 8 |  8.7
Dodging        | 4 6 8 10 11 | 11.7
Stealth        | 1 |  1.5
Axes           | |  2.6
Throwing       | |  1.7

Action                   |  1- 3 |  4- 6 |  7- 9 | 10-12 || total
-------------------------+-------+-------+-------+-------++-------
Melee: Great sword       |     5 |    11 |    35 |    33 ||    84
       Kick              |     2 |     4 |    20 |    22 ||    48
Invok: Call Merchant     |       |       |       |     1 ||     1
       Potion Petition   |       |       |       |     1 ||     1
  Use: Potion            |     1 |     6 |     4 |    12 ||    23
       Scroll            |       |       |       |     2 ||     2
 Stab: Invisible         |       |       |     2 |       ||     2
Armor: Fire dragon scale |     5 |     6 |    30 |    25 ||    66
Dodge: Dodged            |    12 |     5 |    48 |    50 ||   115
       Rpst.: Great sword |     1 |     1 |    10 |     9 ||    21
